[Event "7th Sharjah Masters 2024"]
[Site "Sharjah"]
[Date "2024.05.15"]
[Round "2.1"]
[White "Theodorou, Nikolas"]
[Black "Erigaisi Arjun"]
[Result "1-0"]
[ECO "D41"]
[WhiteElo "2617"]
[BlackElo "2762"]
[Annotator "TA"]
[PlyCount "55"]
[EventDate "2024.05.13"]
[EventType "swiss"]
[EventCountry "UAE"]
[SourceTitle "playchess.com"]
[Source "ChessBase"]
[SourceQuality "1"]
[TimeControl "5400+30"]

1. d4 Nf6 2. c4 e6 3. Nf3 d5 4. Nc3 c5 5. cxd5 Nxd5 6. e4 Nxc3 7. bxc3 cxd4 8. cxd4 Bb4+ 9. Bd2 Bxd2+ 10. Qxd2 O-O 11. Bc4 Nd7 12. O-O b6 13. Rad1 Bb7 14. Rfe1 Nf6 15. Qf4 Rc8 16. Bb3 Qc7 {[%emt 0:00:08] The position is equal.} 17. Qh4 h6 {[%emt 0:00:27] Dodges Ng5} 18. h3 Rfd8 19. Re3 b5 20. d5 $1 exd5 21. e5 Ne4 22. e6 $36 {[%emt 0:00:23][%mdl 2048] White has good play.} fxe6 23. Nd4 Nc5 24. Rde1 a5 $2 {[%emt 0:04:14] [#] Loses the game.} ({Don't go for} 24... Nxb3 $2 25. Nxe6 (25. axb3 Rd7 $16) 25... d4 26. Rg3 $18 (26. Nxc7 dxe3 27. axb3 exf2+ 28. Qxf2 Rxc7 $18) (26. axb3 Qd6 $11)) (24... Re8 $11) 25. Nxe6 $18 Nxe6 26. Rxe6 {[%emt 0:02:42] Black must now prevent Qg4.} Rd7 (26... Kh8 $16 {was worth a try.}) 27. Qg4 {[%emt 0:15:35][%mdl 1024] White has strong compensation.} Rf8 {[%emt 0:07:00] [#]} (27... Rf7) 28. Qg6 $1 {[%emt 0:02:54] Weighted Error Value: White=0.03 (flawless) /Black=0.33.  Loses game:     	---       	Black=1      Mistake:       	---       	Black=2      OK:         	White=6     	Black=6      Best:        	White=1     	---        Strong:       	White=2     	---} ({Not} 28. Rxh6 Re7 $16) 1-0

[Event "7th Sharjah Masters 2024"]
[Site "Sharjah"]
[Date "2024.05.15"]
[Round "2.2"]
[White "Ivanchuk, Vasyl"]
[Black "Tabatabaei, M. Amin"]
[Result "0-1"]
[ECO "E10"]
[WhiteElo "2609"]
[BlackElo "2707"]
[Annotator "TA"]
[PlyCount "96"]
[EventDate "2024.05.13"]
[EventType "swiss"]
[EventCountry "UAE"]
[SourceTitle "playchess.com"]
[Source "ChessBase"]
[SourceQuality "1"]
[TimeControl "5400+30"]

1. d4 Nf6 2. c4 e6 3. Nf3 h6 4. a3 d5 5. e3 Nbd7 $146 ({Predecessor:} 5... b6 6. b4 dxc4 7. Bxc4 Bb7 8. Nc3 Bd6 9. Qe2 Nbd7 10. Bb2 a5 11. Nb5 Be7 12. bxa5 Rxa5 {1-0 Litchfield,F (2134)-Ikeda,J (2417) Doeberl Cup Canberra 2023 (3)}) 6. Nbd2 {[%emt 0:02:07] E10: Blumenfeld Gambit.} b6 7. cxd5 exd5 8. b4 Bd6 9. Bb2 a6 10. g3 c5 11. dxc5 bxc5 12. Qa4 O-O 13. Qc6 Qc7 14. Qxc7 $1 ({Stronger than} 14. Qxa8 Nb6 (14... cxb4 $2 {is the wrong capture.} 15. Rc1 $18) 15. bxc5 Nxa8 $17) 14... Bxc7 15. Bg2 cxb4 16. axb4 Bd6 17. b5 Nb6 18. Nd4 Bb4 19. Nc6 Bxd2+ 20. Kxd2 Nc4+ 21. Kc2 Nxb2 22. Kxb2 Bb7 23. Rhc1 axb5 24. Ne7+ Kh7 25. Rc7 Rxa1 26. Kxa1 Ba8 27. Bh3 g6 28. Kb2 Kg7 29. f3 Rd8 30. Kc1 (30. Nc8 $11 {deserves consideration.}) 30... b4 (30... Ne8 $15 31. Ra7 d4) 31. Rc8 (31. Nc8 $1 $11 {remains equal.}) 31... Rxc8+ $17 32. Nxc8 Bb7 33. Na7 (33. Kc2 $15) 33... d4 $17 34. e4 g5 (34... Nh7 $142 $1 35. Bg2 Ng5) 35. Bf5 $2 {[%emt 0:01:44] [#]} (35. e5 $17 {keeps fighting.}) 35... g4 $1 $19 36. e5 $2 (36. f4 Nxe4 (36... Bxe4 37. Bxe4 Nxe4 38. Nc6 $17) 37. Nb5) 36... gxf3 $1 $19 37. exf6+ Kxf6 38. Bd3 f2 39. Bf1 Ke5 40. Kd2 $2 (40. Nb5 Ba6 41. Bc4) 40... b3 $2 (40... Kd6 41. Nb5+ Kc5) 41. Nb5 $2 (41. Kc1) 41... Ba6 $19 ({Less strong is} 41... Be4 42. Kc1 $17) 42. Bd3 Bxb5 43. Bxb5 b2 44. Kc2 Ke4 45. Bf1 Ke3 46. g4 b1=Q+ 47. Kxb1 {[%emt 0:00:03] [#]} Kd2 $1 48. Bh3 Ke2 0-1

[Event "7th Sharjah Masters 2024"]
[Site "Sharjah"]
[Date "2024.05.15"]
[Round "2.3"]
[White "Kuybokarov, Temur"]
[Black "Fedoseev, Vladimir"]
[Result "0-1"]
[ECO "C42"]
[WhiteElo "2602"]
[BlackElo "2702"]
[Annotator "TA"]
[PlyCount "88"]
[EventDate "2024.05.13"]
[EventType "swiss"]
[EventCountry "UAE"]
[SourceTitle "playchess.com"]
[Source "ChessBase"]
[SourceQuality "1"]
[TimeControl "5400+30"]

1. e4 e5 2. Nf3 Nf6 3. Nxe5 d6 4. Nf3 Nxe4 5. d4 d5 6. Bd3 Bd6 7. O-O O-O 8. Re1 Re8 9. c4 Bg4 10. cxd5 Nf6 11. Nc3 {[%emt 0:10:20] White is slightly better.} Rxe1+ 12. Qxe1 Bxf3 13. gxf3 Nh5 14. Ne2 (14. Qe4 $11 g6 15. Qg4) 14... Qh4 $15 15. Ng3 Nf6 {[%emt 0:00:06][%cal Ob8d7] Prevents Qe8+.} 16. Qe3 Nbd7 17. Qg5 Bxg3 18. hxg3 Qxd4 19. Qd2 {[%emt 0:03:54][%cal Od3h7] [#] Hoping for Bxh7+!} Qxd5 (19... Nxd5 $2 20. Bxh7+ Kxh7 21. Qxd4 $18) 20. Qc3 Re8 (20... Qxf3 $2 {perishes.} 21. Bxh7+ Nxh7 22. Qxf3 $18) 21. Bd2 Ne5 (21... Qxf3 $2 {too greedy.} 22. Bxh7+ Nxh7 23. Qxf3 $18) 22. Be2 c5 23. b3 (23. Rd1 $15 {should be considered.}) 23... Nc6 $17 {[%emt 0:06:11] Black is more active.} 24. Bc4 Qf5 25. Kg2 Rd8 26. Re1 h6 (26... Nd5 {simplifies} 27. Bxd5 Qxd5 28. Qe3 h6) 27. Be3 b6 28. Qc1 Ne5 29. Bf4 Nxc4 (29... Ng6 {is interesting.} 30. Bc7 Rd4 31. Bb8 b5) 30. bxc4 Qd3 31. Be5 Nh7 $36 {[%emt 0:00:52][%mdl 2048] Black has strong initiative.} 32. Re3 ({White should try} 32. Bc7 Rc8 33. Rd1) 32... Qd7 33. Qh1 Re8 34. Qh5 Nf8 (34... f6 $19 35. Bf4 Rxe3 36. Bxe3 f5) 35. Qg4 $2 {[%emt 0:01:50] This move loses the game for White.} (35. f4 $17 {might work better.}) 35... Qxg4 $19 (35... f6 36. Bf4 Qxg4 37. fxg4 Rxe3 38. Bxe3 $19) 36. fxg4 {[%emt 0:00:05][%mdl 4096] Endgame. KRB-KRN} Nd7 37. f4 {[%emt 0:00:29] [#]} Nxe5 38. fxe5 {[%emt 0:00:26] KR-KR} f6 39. Kf3 $2 (39. e6) 39... Rxe5 40. Rxe5 (40. Rd3) 40... fxe5 41. Ke4 Kf7 {[%emt 0:00:06] ( -> ...Kg6)} 42. Kxe5 Kg6 {[%emt 0:00:06] Black mates.} 43. Kf4 Kf6 44. a4 g6 {[%emt 0:01:19] Weighted Error Value: White=0.48/Black=0.07 (flawless) .  Mistake:       	White=6     	Black=1      Inaccurate:     	White=3     	Black=2      OK:         	White=9     	Black=17     Best:        	White=2     	Black=2} 0-1

[Event "7th Sharjah Masters 2024"]
[Site "Sharjah"]
[Date "2024.05.15"]
[Round "2.4"]
[White "Niemann, Hans Moke"]
[Black "Vakhidov, Jakhongir"]
[Result "1-0"]
[ECO "C74"]
[WhiteElo "2689"]
[BlackElo "2599"]
[Annotator "TA"]
[PlyCount "73"]
[EventDate "2024.05.13"]
[EventType "swiss"]
[EventCountry "UAE"]
[SourceTitle "playchess.com"]
[Source "ChessBase"]
[SourceQuality "1"]
[TimeControl "5400+30"]

1. e4 e5 2. Nf3 Nc6 3. Bb5 a6 4. Ba4 d6 5. c3 f5 6. exf5 Bxf5 7. O-O Bd3 8. Re1 Be7 9. Qb3 b5 10. Qd5 $1 Bf5 (10... Qd7 $14 11. Qxd3 bxa4) 11. Bb3 $1 $18 {[%emt 0:08:38] Intending Qf7+ and mate. White is clearly better.} (11. Qxc6+ Bd7 12. Qb7 Rb8 13. Qxa6 Rb6) 11... Kd7 {[%emt 0:07:19] [#]} 12. Nd4 $1 Nxd4 $16 13. cxd4 $40 {[%emt 0:00:09][%mdl 128] White has strong attack.} Nf6 14. Qf3 {[%emt 0:00:56] Really sharp!} Bg4 15. Qg3 {[%emt 0:00:38] White has more active pieces.} (15. Qd3 {keeps more tension.} Kc6 16. a4 Qd7 17. h3) 15... exd4 16. h3 Bf5 {[%emt 0:01:06] [#]} 17. Qf3 {[%emt 0:00:46] Prevents d5} (17. d3 $1 $16) 17... g6 $2 (17... Bg6 $14) 18. d3 $18 {[%emt 0:02:00][%mdl 1024] g4 is the strong threat. White has strong compensation.} ({Don't take} 18. g4 $6 Be4 19. Rxe4 Nxe4 20. Qxe4 c6 $16) 18... h5 19. Bg5 c6 20. Nd2 Qf8 (20... Re8 $142 21. a4 d5 22. Bxf6 Bxf6) 21. a4 Qg7 22. Rec1 d5 23. Qf4 {[%emt 0:00:13] Hoping for Nf3.} c5 24. Nf3 Bd6 25. Ne5+ Kc7 {[%emt 0:00:27] [#]} (25... Bxe5 $142 26. Qxe5 Qe7 27. Qxf6 (27. Bxf6 Qxe5 28. Bxe5 Rhe8 $18) 27... Qxf6 28. Bxf6 c4 29. Bxh8 Rxh8 30. axb5 axb5 31. dxc4 bxc4 32. Bxc4 dxc4 33. Rxc4 d3) 26. Rxc5+ $3 Bxc5 27. Rc1 Kb6 28. Bxf6 Qh6 {[%emt 0:00:07] [#]} 29. Nd7+ $1 {[%emt 0:07:44][%mdl 512] White mates.} Bxd7 30. a5+ Kxa5 31. Qc7+ Bb6 32. Ra1+ Kb4 33. Qxb6 Kxb3 34. Qxd4 Rhc8 35. Qxd5+ Kc2 36. b4 Kd2 37. Bg5+ {[%emt 0:00:07] Weighted Error Value: White=0.10 (very precise) /Black=0.67.  Mistake:       	White=2     	Black=4      Inaccurate:     	White=1     	---        OK:         	White=8     	Black=6      Best:        	White=2     	Black=4      Strong:       	White=2     	---} 1-0

[Event "7th Sharjah Masters 2024"]
[Site "Sharjah"]
[Date "2024.05.15"]
[Round "2.5"]
[White "Muradli, Mahammad"]
[Black "Aravindh, Chithambaram VR."]
[Result "0-1"]
[ECO "A17"]
[WhiteElo "2561"]
[BlackElo "2671"]
[Annotator "TA"]
[PlyCount "74"]
[EventDate "2024.05.13"]
[EventType "swiss"]
[EventCountry "UAE"]
[SourceTitle "playchess.com"]
[Source "ChessBase"]
[SourceQuality "1"]
[TimeControl "5400+30"]

1. Nf3 Nf6 2. c4 e6 3. Nc3 Bb4 4. g3 b6 5. Bg2 Bb7 6. Qc2 O-O 7. O-O Re8 8. a3 Bxc3 9. Qxc3 d5 10. d3 {[%emt 0:04:33] The position is equal.} c5 11. b3 Nbd7 12. e3 e5 13. cxd5 Nxd5 14. Qc2 N5f6 15. Bb2 e4 16. Ne1 exd3 17. Nxd3 Bxg2 18. Kxg2 Qc7 19. Rfe1 Rac8 (19... Qc6+ {feels hotter.} 20. f3 g5 21. Nf2 g4) 20. Rac1 b5 21. f3 c4 22. bxc4 bxc4 23. Nf4 {[%emt 0:02:20] Wards off Nd5} Ne5 24. e4 g5 25. Nh3 g4 26. fxg4 Nexg4 {[%emt 0:00:23] A dynamic duo of knights.} 27. Qd2 (27. Nf2 $11) 27... Nxe4 $17 (27... Rxe4 $2 {loses.} 28. Qg5+ Kf8 29. Bxf6 $18 (29. Rxe4 Qb7 $18)) 28. Rxe4 {[%emt 0:00:16] This move loses the game for White.} Rxe4 $19 29. Qg5+ Kf8 30. Nf4 {[%emt 0:01:31] [#] Qg7+ is the strong threat.} Qb7 31. Qg7+ Ke8 {[%emt 0:00:08] Black is clearly winning.} 32. Qg8+ (32. Kg1 $142 Qb6+ 33. Kh1) 32... Ke7 33. Qg5+ Kd6 34. Kh3 Nf2+ 35. Kh4 Qxb2 36. Rf1 {[%emt 0:00:59] [#]} Qe5 $1 37. Qh6+ (37. Rxf2 Qxg5+) 37... Qe6 {[%emt 0:00:15] Weighted Error Value: White=0.65/Black=0.11 (very precise) .  Loses game:     	White=1     	---        Mistake:       	White=2     	---        Inaccurate:     	White=2     	---        OK:         	White=9     	Black=9      Best:        	White=2     	Black=2} 0-1

[Event "7th Sharjah Masters 2024"]
[Site "Sharjah"]
[Date "2024.05.15"]
[Round "2.6"]
[White "Kacharava, Nikolozi"]
[Black "Nguyen, Thai Dai Van"]
[Result "1/2-1/2"]
[ECO "C48"]
[WhiteElo "2527"]
[BlackElo "2650"]
[Annotator "TA"]
[PlyCount "61"]
[EventDate "2024.05.13"]
[EventType "swiss"]
[EventCountry "UAE"]
[SourceTitle "playchess.com"]
[Source "ChessBase"]
[SourceQuality "1"]
[TimeControl "5400+30"]

1. e4 e5 2. Nf3 Nc6 3. Bb5 Nf6 4. Nc3 Bd6 5. d3 O-O 6. Ba4 Re8 7. Bg5 h6 8. Bxf6 Qxf6 9. Nd5 Qd8 10. c3 {[%emt 0:00:53] Prevents Nd4.} Ne7 11. Ne3 c6 12. d4 exd4 13. Qxd4 Bf4 14. O-O Bxe3 15. Qxe3 d5 16. e5 Qb6 17. Qxb6 axb6 18. Bc2 Bf5 19. Bxf5 Nxf5 20. Nd4 Nxd4 ({Much weaker is} 20... Rxe5 $6 21. f4 Nxd4 22. fxe5 $14) 21. cxd4 $15 {[%emt 0:00:04][%mdl 4096] Endgame. KRR-KRR} Ra4 22. Rfd1 f6 23. f4 fxe5 24. fxe5 Kf7 25. Rd3 Ke6 26. b3 {[%emt 0:02:13] The position is equal.} Ra3 27. Rg3 Re7 28. Kf2 b5 29. Ke3 b4 30. h4 Ra8 31. h5 {[%emt 0:16:00] Weighted Error Value: White=0.06 (flawless) /Black=0.05 (flawless) .  Inaccurate:     	White=2     	---        OK:         	White=13    	Black=12} 1/2-1/2

[Event "7th Sharjah Masters 2024"]
[Site "Sharjah"]
[Date "2024.05.15"]
[Round "2.7"]
[White "Krzyzanowski, Marcin"]
[Black "Mishra, Abhimanyu"]
[Result "1-0"]
[ECO "C07"]
[WhiteElo "2526"]
[BlackElo "2634"]
[Annotator "RC"]
[PlyCount "139"]
[EventDate "2024.05.13"]
[EventType "swiss"]
[EventCountry "UAE"]
[SourceTitle "playchess.com"]
[Source "ChessBase"]
[SourceQuality "1"]
[TimeControl "5400+30"]

1. e4 e6 2. d4 d5 3. Nd2 c5 4. Ngf3 cxd4 5. Nxd4 Nc6 6. Bb5 Bd7 7. Nxc6 bxc6 8. Bd3 Bd6 9. Qe2 Qc7 10. Nf3 dxe4 11. Qxe4 Nf6 12. Qh4 h6 13. O-O c5 14. Re1 Ke7 15. Nd2 g5 16. Qh3 Rag8 17. Nc4 Bf4 18. Bf1 Bc6 19. Be3 Bd5 20. Rad1 h5 21. Bxf4 gxf4 22. Ne5 Kf8 23. c4 Be4 24. Qc3 h4 25. f3 Rh5 26. Ng4 Nxg4 27. fxg4 Re5 28. Rd8+ Qxd8 29. Qxe5 Bb7 30. Qxc5+ Qe7 31. Qxa7 Rxg4 32. h3 Rg6 33. Qb8+ Kg7 34. Qxf4 Qb4 35. Qe5+ Kg8 36. Rd1 Qe7 37. Qd6 Kf8 38. Qd8+ Qxd8 39. Rxd8+ Ke7 40. Rh8 e5 41. c5 e4 42. Rxh4 e3 43. Ra4 Bc6 44. Ra3 Rg3 45. b4 Kd8 46. Rb3 f5 47. b5 Be4 48. Rb4 Bf3 49. Rb2 f4 50. c6 Kc8 51. a4 Bd5 52. Kh2 Rg7 53. a5 f3 54. gxf3 Bxf3 55. h4 Kc7 56. Rc2 e2 57. Rxe2 Bxe2 58. Bxe2 Rf7 59. Kg3 Rf5 60. h5 Re5 61. Kf2 Rf5+ 62. Ke1 Rg5 63. h6 Rg1+ 64. Kf2 Rg6 65. Bf3 Rxh6 66. b6+ Kd6 67. c7 Rh2+ 68. Bg2 Kd7 69. Kg3 Rh8 70. Bh3+ 1-0

[Event "7th Sharjah Masters 2024"]
[Site "Sharjah"]
[Date "2024.05.15"]
[Round "2.8"]
[White "Murzin, Volodar"]
[Black "Iniyan, Pa"]
[Result "1-0"]
[ECO "D45"]
[WhiteElo "2634"]
[BlackElo "2497"]
[Annotator "TA"]
[PlyCount "95"]
[EventDate "2024.05.13"]
[EventType "swiss"]
[EventCountry "UAE"]
[SourceTitle "playchess.com"]
[Source "ChessBase"]
[SourceQuality "1"]
[TimeControl "5400+30"]

1. d4 d5 2. Nf3 Nf6 3. c4 c6 4. Nc3 e6 5. e3 Nbd7 6. Qc2 b6 7. cxd5 cxd5 {[%emt 0:00:30] now scores much better than the old 7...exd5.} 8. Nb5 {[%emt 0:00:30] D45: Semi-Slav: 5 e3.} Bb4+ 9. Bd2 Bxd2+ 10. Nxd2 O-O 11. Rc1 a6 12. Nd6 b5 13. Qc7 $146 ({Predecessor:} 13. Be2 Nb6 14. Qc7 Nc4 15. Qxd8 Rxd8 16. N6xc4 dxc4 17. Bf3 Ra7 18. b3 cxb3 19. Nxb3 {1-0 Prchly,M (2273)-Portych,V (2093) CZE-Cup33 final email 2016}) 13... Nb6 14. b3 Qxc7 15. Rxc7 Ne8 (15... Bd7 $1 $11) 16. Nxe8 $16 Rxe8 17. Bd3 f6 18. Ke2 e5 19. dxe5 fxe5 20. e4 Be6 21. Rhc1 dxe4 22. Bxe4 (22. Nxe4 Nd5 23. R7c6 Nf4+ 24. Ke3 Nxg2+ 25. Kf3 Nh4+ 26. Ke2 Bg4+ 27. Kd2 Nf3+ 28. Kc3 Rf8 $17 (28... Nxh2 29. a4 $17)) 22... Nd5 23. Bxd5 $1 Bxd5 24. g3 Bf7 25. Rd7 Be6 26. Rd6 a5 27. Rb6 a4 28. Rxb5 axb3 29. axb3 Ra2 {[%emt 0:00:30] [#]} 30. Ke3 $1 (30. Rxe5 $2 Bg4+ 31. Kd3 Rxe5 $19) 30... Rd8 31. Ne4 (31. Rxe5 $2 Rdxd2 32. f3 Rxh2 $19 (32... Bxb3 $2 33. Rc3 $19)) 31... Rb2 32. Rc3 Rb1 33. f3 (33. Rxe5 Bxb3 34. h4 Rf8 $14) 33... h6 34. g4 (34. h4 $16) 34... Re1+ (34... Bxg4 $1 $11 35. Rxe5 (35. fxg4 Re1+ 36. Kf3 Rf8+ 37. Kg3 Rxe4 $11) 35... Bh3) 35. Kf2 $16 Rb1 36. Rxe5 Bxb3 37. Re7 Rf8 (37... Bd5 $142) 38. Nd6 $16 Bd5 39. Nf5 Rf7 40. Re8+ (40. Rd3 $18 {and White stays clearly on top.} Ba2 41. Re2) 40... Kh7 $16 41. h4 h5 $2 {[%emt 0:00:30][%mdl 8192] [#]} (41... g6 $16 {is a better chance.}) 42. Rcc8 $1 $18 Bxf3 43. Kxf3 Rb4 $2 (43... Kg6 44. Kg3 Rg1+ 45. Kh3 Rd7 46. Rc6+ Kf7) 44. Rh8+ $18 Kg6 45. Rc6+ ({Worse is} 45. gxh5+ Kxf5 46. Rhf8 Kf6 $11) 45... Rf6 46. Rxf6+ ({Stronger than} 46. gxh5+ Kxf5 47. Rc3 Ke6+ (47... Rxh4 48. Rc5+ Ke6+ 49. Kg3 $11) 48. Kg3 Rb7 $11) 46... Kxf6 47. Rxh5 g6 48. Ne3 1-0

[Event "7th Sharjah Masters 2024"]
[Site "Sharjah"]
[Date "2024.05.15"]
[Round "2.9"]
[White "Salem, A.R. Saleh"]
[Black "Royal, Shreyas"]
[Result "1-0"]
[ECO "B22"]
[WhiteElo "2629"]
[BlackElo "2464"]
[Annotator "RC"]
[PlyCount "61"]
[EventDate "2024.05.13"]
[EventType "swiss"]
[EventCountry "UAE"]
[SourceTitle "playchess.com"]
[Source "ChessBase"]
[SourceQuality "1"]
[TimeControl "5400+30"]

1. d4 d5 2. c4 dxc4 3. Nf3 Nf6 4. e3 e6 5. Bxc4 c5 6. O-O Nc6 7. Nc3 a6 8. Bd3 cxd4 9. exd4 Be7 10. Be3 O-O 11. a3 h6 12. Rc1 Re8 13. Ne5 Nxe5 14. dxe5 Nd5 15. Qf3 Bg5 16. Ne4 Nxe3 17. fxe3 Rf8 18. Nxg5 Qxd3 19. Nxf7 Bd7 20. Rcd1 Qb5 21. Qh5 Bc6 22. Nxh6+ gxh6 23. Qg6+ Kh8 24. Qxh6+ Kg8 25. Qxe6+ Kh8 26. Qh6+ Kg8 27. Qg6+ Kh8 28. Rf6 Qxe5 29. Qh6+ Kg8 30. Rg6+ Kf7 31. Rf1+ 1-0

[Event "7th Sharjah Masters 2024"]
[Site "Sharjah"]
[Date "2024.05.15"]
[Round "2.10"]
[White "Maghsoodloo, Parham"]
[Black "Sethuraman, S.P."]
[Result "1-0"]
[ECO "A04"]
[WhiteElo "2733"]
[BlackElo "2593"]
[Annotator "TA"]
[PlyCount "117"]
[EventDate "2024.05.13"]
[EventType "swiss"]
[EventCountry "UAE"]
[SourceTitle "playchess.com"]
[Source "ChessBase"]
[SourceQuality "1"]
[TimeControl "5400+30"]

1. Nf3 Nf6 2. g3 c5 3. Bg2 Nc6 4. O-O e5 5. e4 d6 6. d3 {[%emt 0:00:08] A04: Unusual lines after 1 Nf3 and King's Indian Attack.} g6 7. c4 h5 $146 ({Predecessor:} 7... Bg7 8. Nc3 O-O 9. Ne1 Bg4 10. f3 Bd7 11. Nc2 a6 12. a4 Ne8 13. Rb1 Rb8 {½-½ Narayanan,S (2661)-Nguyen,T (2649) Jermuk Avagyan Memorial 2023 (8)}) 8. Nc3 Bg4 9. Bg5 Be7 10. Qd2 Bxf3 11. Bxf3 Nd5 12. Bxe7 Ndxe7 13. Bd1 h4 14. g4 Qd7 15. h3 Kf8 16. Ba4 Qe6 17. Bxc6 bxc6 18. f4 exf4 19. Qxf4 Kg7 20. g5 ({Better is} 20. e5 $16 dxe5 21. Qe3) 20... Rh5 $11 21. Qf6+ Kg8 22. Kh2 Rd8 (22... Rb8 {keeps more tension.} 23. Na4 Rd8 24. Rac1 Qxf6 25. gxf6 Nc8) 23. Qxe6 fxe6 24. Rf6 e5 25. Rg1 Kg7 26. Rgf1 Kg8 $1 27. Nd1 Rxg5 28. Ne3 Rh5 $2 (28... Rg3 $11 {and Black is okay.} 29. Ng4 Rxd3) 29. Ng4 $18 Rh7 30. Re6 Rg7 31. Rff6 Nc8 32. Rxg6 Rxg6 33. Rxg6+ Kf7 34. Rh6 $1 Kg7 35. Rxh4 Rf8 36. Ne3 Rf2+ 37. Kg1 Rxb2 38. Nf5+ Kg8 39. Rg4+ Kf8 (39... Kh8 $142 40. Rg2 Rxg2+ 41. Kxg2 Kg8) 40. h4 $18 Ne7 41. Nxd6 (41. h5 $18 {Strongly threatening h6.} Nxf5 42. exf5 Rb1+ 43. Kh2) 41... Rxa2 $16 42. h5 Rd2 {[%emt 0:01:27] [#]} 43. Rg3 $1 Ng8 44. Nf5 a5 45. h6 Nf6 $2 {[%emt 0:01:14] [#]} (45... Nxh6 {keeps fighting.} 46. Nxh6 a4 47. Rg8+ Ke7) 46. Rg6 $1 $18 Rd1+ 47. Kf2 Kf7 48. Rg7+ Kf8 49. Ke2 Rh1 50. Ra7 a4 51. Rxa4 Ng4 $2 (51... Nh5 52. Kf3 Nf4) 52. Ra8+ $18 Kf7 53. Ra7+ Kf6 54. h7 Rh3 55. Kf1 Rh2 56. Kg1 Rh5 57. Kg2 Nh2 58. Rg7 (58. Rc7 $142 Kg6 59. Rxc6+ (59. Rg7+ Kf6 $18) 59... Kxh7 60. Rxc5 Kg6 61. Rxe5 Kf6 62. d4 Ng4 63. Rb5) 58... Nf1 59. Rg8 (59. Rc7 $142 Ne3+ 60. Nxe3) 1-0

[Event "7th Sharjah Masters 2024"]
[Site "Sharjah"]
[Date "2024.05.15"]
[Round "2.11"]
[White "Moroni, Luca Jr"]
[Black "Yu, Yangyi"]
[Result "0-1"]
[ECO "A30"]
[WhiteElo "2581"]
[BlackElo "2729"]
[Annotator "TA"]
[PlyCount "86"]
[EventDate "2024.05.13"]
[EventType "swiss"]
[EventCountry "UAE"]
[SourceTitle "playchess.com"]
[Source "ChessBase"]
[SourceQuality "1"]
[TimeControl "5400+30"]

1. Nf3 Nf6 2. c4 e6 3. g3 b6 4. Bg2 Bb7 5. O-O c5 6. Nc3 Be7 7. d4 cxd4 8. Qxd4 O-O 9. Rd1 Nc6 10. Qd2 a6 11. b3 Qc7 12. Bb2 d6 13. Rac1 {[%emt 0:03:12][%cal Oc3d5] Nd5! would now be deadly.} Na7 14. Qd4 Rad8 15. e4 {[%emt 0:02:50] White is slightly better.} Nc6 16. Qe3 Ne5 17. Nd4 Rfe8 18. h3 Bf8 19. f4 Ng6 20. Qf2 Qb8 21. Kh1 Ba8 22. Re1 Rc8 23. Rcd1 h5 24. a4 Rc5 25. Ba3 Rc7 26. Nf3 {[%emt 0:02:38] [#]} (26. f5 $16 Ne5 27. Bc1) 26... b5 $1 $11 27. axb5 (27. Bxd6 Bxd6 28. Rxd6 bxc4 $19) 27... axb5 {[%emt 0:00:07] White must now prevent ...b4.} 28. f5 {[%emt 0:03:00] [#]} (28. Bxd6 Bxd6 29. Rxd6 bxc4 $17) (28. e5 $11 b4 29. Bxb4 Qxb4 30. Nb5) 28... exf5 $1 $17 (28... b4 29. fxg6 bxa3 (29... bxc3 30. gxf7+ Rxf7 31. Ng5 $11) 30. gxf7+ Rxf7 31. Ng5 $11) 29. exf5 {[%emt 0:02:36] aiming for Rxe8.} Bxf3 (29... Rxe1+ 30. Nxe1 Bxg2+ 31. Kxg2 Qa8+ 32. Qf3 Qxa3 33. fxg6 bxc4 (33... fxg6 34. Nxb5 Qa2+ 35. Qf2 $11) 34. bxc4 $17) 30. Bxf3 (30. Qxf3 $2 Rxe1+ (30... Ne5 $2 31. Rxe5 dxe5 32. Bxf8 $19) 31. Rxe1 Ne5 $19) (30. Rxe8 $17 Bxg2+ 31. Qxg2 Nxe8 (31... Qxe8 32. Nxb5 Re7 33. fxg6 $11) 32. fxg6) 30... Rxe1+ $19 31. Rxe1 {[%emt 0:00:47] [#]} Ne5 32. Nxb5 Nd3 $1 {[%emt 0:00:05][%csl LRe1,LRf2] Excellent horsemanship.} 33. Qf1 Nxe1 34. Qxe1 Re7 35. Qd2 Ne4 36. Qg2 {[%emt 0:00:05] This move loses the game for White.} (36. Qf4 $17 {was forced.} Nc3 37. Nxc3) 36... d5 37. Bxe7 (37. Kh2 $142 Re8 38. Bc1) 37... Nxg3+ 38. Kg1 {[%emt 0:01:40] Strongly threatening Bxf8.} Bxe7 39. Qf2 {[%emt 0:01:10] Wards off Bc5} dxc4 ({Much less strong is} 39... Nxf5 40. Bxd5 g6 41. Nc3 $19) 40. bxc4 (40. f6 $142 Bxf6 (40... gxf6 41. Kg2 $17) 41. bxc4) 40... Qe5 {[%emt 0:00:40][%cal Oe7c5] And now ...Bc5! would win.} ({Less strong is} 40... Nxf5 41. Be4 Nh4 42. Bd5 $19) 41. Bd5 Nxf5 42. Nc3 Bh4 43. Qd2 (43. Qf1 $142) 43... Be1 {[%emt 0:00:43] Weighted Error Value: White=0.57/Black=0.22 (precise) .  Loses game:     	White=1     	---        Mistake:       	White=6     	---        Inaccurate:     	White=1     	Black=1      OK:         	White=9     	Black=10     Best:        	---       	Black=5      Strong:       	---       	Black=1      Brilliant:      	---       	Black=1} 0-1